 Dungeon Crawl Stone Soup version 0.13.0-65-g2bb7898 (webtiles) character file.

24105 Lilouch the Thaumaturge (level 12, -3/83 HPs)
             Began as a Mummy Fire Elementalist on Nov 25, 2013.
             Was a High Priest of Vehumet.
             Slain by Agnes
             ... wielding a +4,+1 lajatang of speed
              (20 damage)
             ... on Level 14 of the Dungeon.
             The game lasted 03:21:16 (23147 turns).

Lilouch the Thaumaturge (Mummy Fire Elementalist)  Turns: 23147, Time: 03:21:17

HP  -3/83        AC  3     Str 11      XL: 12   Next: 71%
MP   7/30        EV 13     Int 18      God: Vehumet [*****.]
Gold 721         SH 10     Dex 12      Spells:  8 memorised,  5 levels left

Res.Fire  : . . .   See Invis. : .   u - staff of conjuration
Res.Cold  : + + .   Warding    : +   e - +0 robe {rF+}
Life Prot.: + + +   Conserve   : .   T - +0 orc buckler
Res.Poison: +       Res.Corr.  : .   C - -1 helmet
Res.Elec. : .       Clarity    : .   (no cloak)
Sust.Abil.: . .     Spirit.Shd : .   N - +0 pair of elf gauntlets
Res.Mut.  : .       Stasis     : .   (no boots)
Res.Rott. : +       Flight     : .   a - amulet of warding
Saprovore : . . .                    A - ring of protection from cold
                                     v - ring of regeneration

@: quite resistant to hostile enchantments, stealthy
A: no food or potions, fire vulnerability, restore body, cold resistance 1, life
protection 3, poison resistance, torment resistance, unbreathing
a: Renounce Religion


You were on level 14 of the Dungeon.
You worshipped Vehumet.
Vehumet was extremely pleased with you.
You were not hungry.

You visited 3 branches of the dungeon, and saw 16 of its levels.

You collected 811 gold pieces.
You spent 110 gold pieces at shops.

Inventory:

Hand weapons
 h - a cursed +3,+1 war axe
 j - a +2,+0 whip of electrocution
 n - a +2,+2 dagger of speed
 q - a +1,+1 orcish dagger of venom
 y - a +3,+2 dwarven dagger of draining
 L - a +1 elven blowgun
 V - a +1,+1 sling of flame
Missiles
 d - 5 steel darts (quivered)
 f - a throwing net [falling apart]
 k - 9 darts of frost
 p - 5 sling bullets of frost
 w - 115 sling bullets
 z - a throwing net [torn]
 M - 72 poisoned needles
Armour
 e - a +0 robe of fire resistance (worn)
 C - a -1 helmet (worn)
 N - a +0 pair of elven gauntlets (worn)
 T - a +0 orcish buckler (worn)
Magical devices
 b - a wand of cold (3)
 m - a wand of cold (9)
 F - a wand of slowing (10) {unknown}
 I - a wand of lightning (2)
 O - a wand of confusion (7)
 P - a wand of magic darts (15) {unknown}
 S - a wand of confusion (17)
Scrolls
 c - a scroll of enchant weapon II
 g - a scroll of summoning
 o - 6 scrolls of remove curse
 r - 4 scrolls of fog
 s - a scroll of acquirement {unknown}
 t - 4 scrolls of magic mapping
 x - 7 scrolls of teleportation
 B - 4 scrolls of identify
 D - 2 scrolls of noise
 H - 4 scrolls of blinking
Jewellery
 a - an amulet of warding (around neck)
 i - an uncursed amulet of resist mutation
 v - a ring of regeneration (left hand)
 A - a ring of protection from cold (right hand)
 E - an uncursed ring of sustain abilities
Magical staves
 l - an uncursed staff of wizardry
 u - an uncursed staff of conjuration (weapon)


   Skills:
 - Level 6.2 Fighting
 - Level 3.0 Armour
 - Level 2.8 Dodging
 - Level 4.5 Stealth
 - Level 5.3 Shields
 + Level 10.8 Spellcasting
 - Level 8.0 Conjurations
 - Level 2.0 Hexes
 - Level 8.0 Fire Magic
 - Level 4.2 Air Magic


You had 5 spell levels left.
You knew the following spells:

 Your Spells              Type           Power        Failure   Level  Hunger
a - Flame Tongue          Conj/Fire      #####        1%          1    N/A
b - Throw Flame           Conj/Fire      ######       1%          2    N/A
c - Conjure Flame         Conj/Fire      ######..     1%          3    N/A
d - Sticky Flame          Conj/Fire      ######..     1%          4    N/A
e - Fireball              Conj/Fire      ######....   2%          5    N/A
f - Flight                Chrm/Air       ###.......   12%         3    N/A
g - Bolt of Magma         Conj/Fire/Erth #####.....   7%          5    N/A
h - Cause Fear            Hex            ###.......   34%         4    N/A

Dungeon Overview and Level Annotations

Branches:
Dungeon (14/27)            Temple (1/1) D:5             Orc (0/4) D:11
   Lair (1/8) D:11

Altars:
Ashenzari
Cheibriados
Elyvilon
Fedhas
Okawaru
Sif Muna
Trog
Vehumet
Yredelemnul
Zin
the Shining One

Shops:
D:6 *([?[   D:8 [

Annotations:
D:14 Agnes


Innate Abilities, Weirdness & Mutations

You do not eat or drink.
Your flesh is vulnerable to fire.
Your flesh is cold resistant.
You are immune to negative energy.
Your system is resistant to poisons.
You are immune to unholy pain and torment.
You can survive without breathing.


Message History

Confirm with . or Enter, or press ? or * to list all spells.
Aiming: Flame Tongue
Press: ? - help, Shift-Dir - straight line, f/p - hungry ghost
Aim: a hungry ghost (heavily damaged)
You feel a surge of power!
The flame hits the hungry ghost.
The hungry ghost is heavily damaged.
Agnes is engulfed in roaring flames.
Casting: Flame Tongue
Confirm with . or Enter, or press ? or * to list all spells.
Aiming: Sticky Flame
Press: ? - help, Shift-Dir - straight line, f - Agnes, p - hungry ghost
Aim: Agnes, wielding a runed lajatang and wearing a robe (lightly wounded)
You feel a surge of power!
The sticky flame hits Agnes.
Agnes is lightly wounded.
Agnes is covered in liquid flames!
Agnes burns!
Agnes hits you with a runed lajatang!
Agnes burns!
Agnes hits you with a runed lajatang!
* * * LOW HITPOINT WARNING * * *
Agnes hits you with a runed lajatang!
You die...

. #.# #.# ######.#
###############....#.#
...................#.# #
.........!.........#.# .#
.....................#+#.##.#
########........@##.........#
#........i.#..<....###
#...######ยง#.......#
#......#..pz.......#
#...)..#...........+
#...?..#...........#
###....###'#.###+#... ######
#.#... .#. #.#.... .#<


You could see Agnes (burning), a hungry ghost and a brain worm zombie
(wandering).

Vanquished Creatures
  An ogre mage (D:11)
  A hydra (D:14)
  Erolcha (D:13)
  Pikel (D:5)
  3 hill giants
  The ghost of Chiseanne the Ducker, an experienced TrFi of Makhleb (D:6)
  An item mimic (D:10)
  A hydra zombie (D:13)
  Grinder (D:5)
  3 trolls
  Sonja (D:14)
  5 slime creatures (D:8)
  A trapdoor spider zombie (D:12)
  3 komodo dragons (Lair:1)
  A shadow (D:11)
  2 water elementals (D:13)
  13 yaks
  4 sharks
  9 ugly things
  A yak (shapeshifter) (D:13)
  4 vampire mosquitoes (D:13)
  Eustachio (D:4)
  4 hippogriffs
  2 wyverns
  2 hungry ghosts
  Menkaure (D:7)
  5 orc warriors
  A porcupine (Lair:1)
  A manticore (D:11)
  4 ice beasts
  4 necrophages
  A soldier ant (D:11)
  A black bear (D:10)
  6 ogres
  7 sky beasts
  2 tengu (D:10)
  A yellow wasp (D:10)
  3 phantoms
  2 slaves
  7 centaurs
  2 giant goldfish (D:13)
  10 big kobolds
  Sigmund (D:4)
  Duvessa (D:9)
  A warg (D:11)
  2 crocodiles
  Blork the orc (D:5)
  9 giant frogs
  A cyclops zombie (D:9)
  A manticore zombie (D:12)
  A gnoll sergeant (D:11)
  A manticore skeleton (D:11)
  5 killer bees (D:7)
  A troll zombie (D:13)
  A wyvern skeleton (D:10)
  3 eyes of draining
  4 wights
  2 jellyfish (D:13)
  6 electric eels
  Dowan (D:9)
  12 crimson imps
  A giant frog zombie (D:11)
  3 goliath beetles
  4 jellies
  A centaur skeleton (D:10)
  15 orc wizards
  7 worker ants
  2 iguanas (Lair:1)
  A hound (Lair:1)
  7 orc priests
  2 big fish (D:13)
  2 scorpions
  An ogre zombie (D:5)
  Ijyb (D:5)
  A big kobold skeleton (D:12)
  2 hound skeletons
  A mummy (D:11)
  10 gnolls
  A green rat (D:4)
  A giant centipede (D:11)
  14 adders
  5 worms
  A worm zombie (D:5)
  A giant mite (D:9)
  An inept feature mimic (D:4)
  An iguana zombie (D:11)
  A giant eyeball (D:4)
  5 giant geckos
  53 orcs
  A bat skeleton (D:4)
  6 giant cockroaches
  17 hobgoblins
  33 kobolds
  3 quokkas
  3 ball pythons
  11 bats
  A giant gecko zombie (D:5)
  6 giant newts
  4 giant spores
  13 goblins
  11 jackals
  A kobold zombie (D:5)
  An orc skeleton (D:5)
  22 rats
  A rat skeleton (D:7)
  8 ballistomycetes
  A fungus (D:11)
  2 plants (D:13)
469 creatures vanquished.

Vanquished Creatures (others)
  A crimson imp (D:12)
  An orc priest (D:11)
  A worker ant (D:13)
  A giant centipede (D:11)
  A giant spore (D:13)
5 creatures vanquished.

Grand Total: 474 creatures vanquished

Notes
Turn   | Place    | Note
--------------------------------------------------------------
     0 | D:1      | Lilouch, the Mummy Fire Elementalist, began the quest for the Orb.
     0 | D:1      | Reached XP level 1. HP: 13/13 MP: 3/3
    44 | D:1      | Reached skill level 1 in Conjurations
   383 | D:1      | Reached XP level 2. HP: 11/19 MP: 0/4
  1211 | D:2      | Reached XP level 3. HP: 24/24 MP: 1/6
  1539 | D:2      | Reached skill level 3 in Fire Magic
  2374 | D:3      | Learned a level 2 spell: Throw Flame
  2378 | D:3      | Learned a level 3 spell: Conjure Flame
  2882 | D:3      | Reached XP level 4. HP: 30/30 MP: 5/8
  3147 | D:3      | Noticed an orc warrior
  3922 | D:2      | Reached XP level 5. HP: 17/35 MP: 2/10
  4647 | D:4      | Found a staircase to the Ecumenical Temple.
  4666 | D:4      | the staircase to the Ecumenical Temple was a mimic.
  4689 | D:4      | Noticed Eustachio
  4769 | D:4      | Killed Eustachio
  4769 | D:4      | Reached skill level 4 in Fire Magic
  4769 | D:4      | Reached XP level 6. HP: 16/41 MP: 3/12
  4957 | D:4      | Noticed an ogre
  4974 | D:4      | Killed an ogre
  5091 | D:4      | Learned a level 4 spell: Sticky Flame
  5341 | D:4      | Noticed a yak
  5350 | D:4      | Killed a yak
  5350 | D:4      | Reached skill level 5 in Fire Magic
  5350 | D:4      | Reached XP level 7. HP: 38/46 MP: 4/15
  5447 | D:4      | Noticed a yak
  5447 | D:4      | Noticed a yak
  5457 | D:4      | Killed a yak
  5457 | D:4      | Reached skill level 1 in Shields
  5477 | D:4      | Killed a yak
  5599 | D:4      | Noticed Sigmund
  5940 | D:4      | Paralysed by a giant eyeball for 3 turns
  6257 | D:5      | Entered Level 5 of the Dungeon
  6267 | D:5      | Reached XP level 8. HP: 39/52 MP: 3/18
  6373 | D:5      | Noticed Pikel
  6440 | D:5      | Noticed Grinder
  6460 | D:5      | Killed Grinder
  6460 | D:5      | Reached skill level 6 in Fire Magic
  6574 | D:5      | Found a staircase to the Ecumenical Temple.
  6584 | Temple   | Entered the Ecumenical Temple
  6599 | Temple   | Became a worshipper of Vehumet
  6663 | D:6      | Found Charchuc's Armour Shoppe.
  6991 | D:5      | Learned a level 5 spell: Fireball
  7090 | D:5      | Found a shattered altar of Ashenzari.
  7140 | D:5      | Noticed Ijyb
  7163 | D:5      | Killed Ijyb
  7206 | D:5      | Killed Pikel
  7206 | D:5      | Reached skill level 5 in Spellcasting
  7363 | D:5      | Noticed Blork the orc
  7376 | D:5      | Killed Blork the orc
  7376 | D:5      | Reached XP level 9. HP: 57/57 MP: 9/20
  7557 | D:5      | Reached skill level 7 in Fire Magic
  7959 | D:4      | Killed Sigmund
  8199 | D:6      | Noticed Chiseanne's ghost (experienced TrFi)
  8492 | D:6      | Found Macsa Bui's Assorted Antiques.
  8566 | D:6      | Killed Chiseanne's ghost
  8566 | D:6      | Acquired Vehumet's first power
  8566 | D:6      | Offered knowledge of Magic Dart by Vehumet.
  8566 | D:6      | Reached skill level 5 in Conjurations
  8917 | D:6      | Found Kloowo's Armour Shop.
  8968 | D:6      | Found Vufaf's Weapon Boutique.
  9028 | D:6      | Found Raetel's Magic Scroll Emporium.
  9035 | D:6      | Bought a scroll of blinking for 71 gold pieces
  9035 | D:6      | Bought a scroll of teleportation for 39 gold pieces
  9248 | D:7      | Noticed Menkaure
  9254 | D:7      | Killed Menkaure
 10079 | D:7      | Learned a level 3 spell: Flight
 10528 | D:8      | Reached XP level 10. HP: 43/63 MP: 9/23
 10755 | D:8      | Found Aceid's Armour Boutique.
 10834 | D:8      | Offered knowledge of Sandblast by Vehumet.
 10834 | D:8      | Reached skill level 5 in Shields
 11909 | D:9      | Found a glowing golden altar of the Shining One.
 11993 | D:9      | Reached skill level 1 in Fighting
 12060 | D:9      | Noticed Duvessa
 12066 | D:9      | Offered knowledge of Dazzling Spray by Vehumet.
 12099 | D:9      | Killed Duvessa
 12128 | D:9      | Noticed Dowan
 12242 | D:9      | Killed Dowan
 12493 | D:9      | Reached skill level 1 in Air Magic
 12795 | D:9      | Acquired Vehumet's second power
 13104 | D:9      | Found a deep blue altar of Sif Muna.
 13643 | D:10     | Entered Level 10 of the Dungeon
 13708 | D:10     | Reached skill level 8 in Conjurations
 13914 | D:10     | Reached XP level 11. HP: 73/73 MP: 5/25
 14258 | D:10     | Offered knowledge of Iskenderun's Battlesphere by Vehumet.
 14426 | D:10     | Reached skill level 1 in Armour
 15161 | D:10     | Acquired Vehumet's third power
 15361 | D:10     | Offered knowledge of Bolt of Magma by Vehumet.
 15368 | D:10     | Learned a level 5 spell: Bolt of Magma
 15755 | D:11     | Found a staircase to the Orcish Mines.
 15934 | D:11     | Reached skill level 5 in Fighting
 16224 | D:11     | Noticed a hill giant
 16232 | D:11     | Killed a hill giant
 16318 | D:11     | Offered knowledge of Bolt of Draining by Vehumet.
 16346 | D:11     | Noticed an ogre mage
 16711 | D:11     | Killed an ogre mage
 18056 | D:11     | Found a staircase to the Lair.
 18128 | Lair:1   | Entered Level 1 of the Lair of Beasts
 18867 | Lair:1   | Got a warped halberd
 19146 | Lair:1   | Reached XP level 12. HP: 83/83 MP: 20/27
 19159 | Lair:1   | Identified the cursed +0,+0 halberd of Anger {distort, Int+3} (You found it on level 1 of the Lair of Beasts)
 19210 | Lair:1   | Learned a level 4 spell: Cause Fear
 19546 | D:12     | Reached skill level 1 in Hexes
 20552 | D:12     | Offered knowledge of Conjure Ball Lightning by Vehumet.
 21255 | D:13     | Reached skill level 9 in Spellcasting
 22177 | D:13     | Noticed Erolcha
 22186 | D:13     | Killed Erolcha
 22217 | D:13     | Reached skill level 10 in Spellcasting
 22917 | D:14     | Entered Level 14 of the Dungeon
 22988 | D:14     | Noticed a five-headed hydra
 23009 | D:14     | Killed a five-headed hydra
 23114 | D:14     | Noticed Sonja
 23120 | D:14     | Killed Sonja
 23144 | D:14     | Noticed Agnes
 23147 | D:14     | Slain by Agnes

Action                   |  1- 3 |  4- 6 |  7- 9 | 10-12 || total
-------------------------+-------+-------+-------+-------++-------
Melee: Whip              |       |     3 |    76 |   166 ||   245
       Staff             |       |       |     1 |    18 ||    19
       Dagger            |       |       |       |    47 ||    47
 Fire: Sling             |    47 |   140 |   110 |   121 ||   418
       Blowgun           |       |       |       |    11 ||    11
Throw: Stone             |    85 |       |       |       ||    85
       Dagger            |     4 |       |       |       ||     4
       Club              |     1 |       |       |       ||     1
       Dart              |     1 |     1 |     5 |     1 ||     8
 Cast: Flame Tongue      |    68 |    80 |   154 |   404 ||   706
       Conjure Flame     |     3 |    13 |    30 |   109 ||   155
       Sticky Flame      |       |       |    18 |    46 ||    64
       Throw Flame       |       |       |    14 |    77 ||    91
       Fireball          |       |       |     4 |    92 ||    96
       Flight            |       |       |       |    10 ||    10
       Bolt of Magma     |       |       |       |     7 ||     7
Evoke: Wand              |       |       |       |     3 ||     3
  Use: Scroll            |       |     6 |    11 |    13 ||    30
 Stab: Sleeping          |       |       |     1 |       ||     1
       Distracted        |       |       |       |     1 ||     1
